AoeStats
← Cuando florezca el Chuño

Pilgrims

508142050Analyzed
4v4 RM · 9d ago on Sep 21, 2026· 38m 37s· 8 players
Game mode
Random Map
Map size
Large (8 player)
Population
200
Speed
Normal
Resources
Standard
Victory
Conquest
Starting age
Dark Age
Ending age
Imperial Age
RankedLock teamsTeams togetherTeam positionsShared explorationLock speedFull tech treeHidden civsTurbo modeCheats
Victory
Defeat
🇦🇷 Mongols · Argentina
1305
+15
🇦🇷 Armenians · Argentina
1251
+17
🇦🇷 Persians · Argentina
1240
+17
🇦🇷 Saracens · Argentina
1186
+19
🇺🇸 Japanese · United States
1312
-19
🇺🇸 Armenians · United States
1298
-18
🇺🇸 Magyars · United States
1257
-17
🇭🇺 Vikings · Hungary
1205
-14
Un Ronin
11:45 Feudal Age
10:31 Loom
13:27 Double-Bit Axe
16:56 Castle Age
18:25 Medium Warships
18:37 Fletching
19:27 Bow Saw
22:24 Horse Collar
22:54 Bodkin Arrow
23:00 Padded Archer Armor
25:46 Thumb Ring
25:02 Crossbowman
28:28 Leather Archer Armor
31:29 Heavy Plow
37:18 Imperial Age
35:14 Ballistics
34:58 Gold Mining
38:00 Bracer
38:31 Ring Archer Armor
38:02 Arbalester
JPA.Cooke
9:56 Feudal Age
14:03 Double-Bit Axe
20:15 Castle Age
20:03 Fishing Lines
20:21 Gold Mining
20:57 Medium Warships
22:28 Siphons
22:37 Careening
22:37 Clinker Construction
22:54 Loom
24:19 Wheelbarrow
23:29 Town Watch
25:36 Stone Mining
26:22 Hand Cart
26:52 Gillnets
31:23 Bloodlines
31:13 Husbandry
31:57 Horse Collar
35:10 Imperial Age
33:09 Town Patrol
33:59 Scale Barding Armor
34:04 Forging
35:53 Cavalier
36:56 Chain Barding Armor
38:45 Plate Barding Armor
38:45 Iron Casting
38:54 Heavy Warships
37:49 Demolition Ship
Cuando florezca el Chuño
4:19 Loom
13:07 Feudal Age
11:22 Loom
13:35 Double-Bit Axe
18:56 Town Watch
24:16 Fletching
28:20 Castle Age
30:00 Castle Age
30:57 Bow Saw
32:18 Bodkin Arrow
33:38 Wheelbarrow
33:39 Ballistics
35:18 Stone Mining
35:52 Hand Cart
Ibz1
12:13 Feudal Age
12:51 Double-Bit Axe
13:10 Loom
14:49 Fletching
19:05 Castle Age
17:58 Stone Mining
20:04 Bodkin Arrow
20:24 Medium Warships
25:05 Ballistics
29:10 Bow Saw
28:51 Gold Mining
29:12 Padded Archer Armor
34:26 Imperial Age
34:06 Wheelbarrow
34:31 Elite Composite Bowman
35:15 Bracer
36:23 Conscription
37:53 Leather Archer Armor
^0^Nova^0^
5:25 Loom
13:01 Feudal Age
16:22 Double-Bit Axe
21:51 Castle Age
20:02 Fletching
20:14 Padded Archer Armor
23:28 Medium Warships
24:02 Bow Saw
23:51 Gold Mining
34:41 Bodkin Arrow
35:56 Leather Archer Armor
Cavanara
12:07 Feudal Age
14:06 Wheelbarrow
18:15 Arson
23:29 Bloodlines
29:59 Castle Age
29:22 Double-Bit Axe
36:02 Horse Collar
TheGrainmaker
4:56 Loom
12:49 Feudal Age
13:19 Town Watch
14:10 Wheelbarrow
13:32 Double-Bit Axe
17:09 Fletching
24:02 Castle Age
25:11 Hand Cart
26:10 Bow Saw
25:41 Horse Collar
31:50 Bodkin Arrow
31:56 Padded Archer Armor
32:14 Heavy Plow
32:12 Crossbowman
34:12 Ballistics
36:27 Fortified Wall
38:58 Imperial Age
VicMan
1:21 Loom
9:58 Feudal Age
14:12 Town Watch
19:54 Castle Age
21:54 Fletching
23:37 Wheelbarrow
23:30 Medium Warships
24:59 Gold Mining
29:09 Bodkin Arrow
29:05 Double-Bit Axe
34:06 Demolition Ship
Connection lost

Rejoining the realm…

Still unreachable

The connection could not be restored.

Session expired

The server has moved on; the page needs a fresh start.